 Dungeon Crawl Stone Soup version 0.30.1-9-gdf580d7c3d (webtiles) character file.

Game seed: 3055534281837130203

2287 Chiseanne the Fighter (level 9, 74/74 HPs)
             Began as a Demonspawn Wanderer on Oct 8, 2023.
             Quit the game in the Ecumenical Temple.
             The game lasted 00:13:54 (6154 turns).

Chiseanne the Fighter (Demonspawn Wanderer)         Turns: 6154, Time: 00:13:55

Health: 74/74      AC: 10    Str: 16    XL:     9   Next: 17%
Magic:  9/9        EV: 13    Int: 10    God:
Gold:   309        SH:  0    Dex: 19    Spells: 8/8 levels left

rFire   . . .        s - +2 war axe (elec)
rCold   . . .        (no shield)
rNeg    . . .        e - +0 scale mail
rPois   .            (no helmet)
rElec   .            l - +0 cloak
rCorr   .            m - +0 pair of gloves
SInv    .            (no boots)
Will    .....        (no amulet)
Stlth   ++           (no ring)
HPRegen 0.32/turn    (no ring)
MPRegen 0.11/turn

%: no passive effects
@: no status effects
A: hooves 1, thin skeletal structure 1, powered by pain 2
a: no special abilities


You were in the Ecumenical Temple.
You visited 2 branches of the dungeon, and saw 8 of its levels.

You collected 309 gold pieces.

Inventory:

Hand Weapons
 a - a +2 dagger of venom
 b - a +3 dagger of protection
 c - a +0 quarterstaff
 j - a +0 war axe
 s - a +2 war axe of electrocution (weapon)
 v - a +4 quarterstaff of chaos
 w - a +3 sling of freezing
Missiles
 f - 4 silver javelins
 g - 14 stones
 h - 17 poisoned darts
 t - 3 javelins (quivered)
 u - 4 boomerangs
 y - 4 curare-tipped darts
Armour
 e - a +0 scale mail (worn)
 l - a +0 cloak (worn)
 m - a +0 pair of gloves (worn)
Wands
 B - a wand of acid (9)
Scrolls
 d - 2 scrolls of teleportation
 z - 2 scrolls of amnesia
Potions
 i - 6 potions of curing
 k - 5 potions of heal wounds
 n - a potion of lignification {unknown}
 o - a potion of flight
 p - a potion of berserk rage
 q - a potion of haste
 r - a potion of degeneration {unknown}
 x - 2 potions of might
 A - a potion of mutation {unknown}
 C - a potion of resistance {unknown}


   Skills:
 * Level 8.2 Fighting
 - Level 1.0 Staves
 * Level 6.4 Armour
 * Level 6.3 Dodging
 - Level 3.6 Stealth


You had 8 spell levels left.
You didn't know any spells.
Your spell library contained the following spells:

 Spells                   Type           Power      Damage    Failure   Level
 Dazzling Flash           Conj/Hex       0%         N/A       98%         3
 Volatile Blastmotes      Fire/Tloc      0%         2d10      98%         3
 Anguish                  Hex/Necr       0%         N/A       100%        4
 Cause Fear               Hex            0%         N/A       100%        4
 Iskenderun's Mystic Bla  Conj/Tloc      0%         2d3       100%        4
 Starburst                Conj/Fire      0%         6d3       100%        6
 Enfeeble                 Hex            0%         N/A       100%        7


Dungeon Overview and Level Annotations

Branches:
Dungeon (8/15)             Temple (1/1) D:7
   Lair: D:8-11

Altars:
Ashenzari
Cheibriados
Dithmenos
Fedhas
Gozag
Hepliaklqana
Kikubaaqudgha
Makhleb
Nemelex Xobeh
Okawaru
Qazlal
Ru
Sif Muna
Trog
Uskayaw
Wu Jian
Xom
Yredelemnul

Shops:
D:4 *   D:8 (

Annotations:
D:4 2 transporters, kwasso's ghost, amateur DrAE


Innate Abilities, Weirdness & Mutations

You have large cloven feet.
You have a somewhat thin skeletal structure. (Dex +2, Stealth+)
You sometimes gain power by taking damage.


Message History

You open the door.
There is an open door here.
You barely miss the orc. You kick the orc, but do no damage.
The orc hits you but does no damage.
You slash the orc!
You kill the orc!
Things that are here:
a +0 club; a +0 chain mail; an orc corpse
There is an open door here.
A sky beast comes into view.
You see here a +0 club.
The gargoyle hurls a stone arrow at you.
The stone arrow hits you!
The gargoyle hurls a stone arrow at you.
The stone arrow misses you.
The gargoyle hurls a stone arrow at you.
The stone arrow hits you!!
You focus on the pain.
You feel very mighty all of a sudden.
The gargoyle hurls a stone arrow at you.
The stone arrow misses you.
There is an open door here.
Okay, then.
The gargoyle hurls a stone arrow at you.
The stone arrow misses you.
The gargoyle hurls a stone arrow at you.
The stone arrow hits you!
You feel a little less mighty now.
There is a staircase to the Ecumenical Temple here.
You climb downwards.
Welcome to the Ecumenical Temple!
Found twelve altars.
There is a staircase back to the Dungeon here.
Found a hide-covered altar of Uskayaw.
Found a hazy altar of Hepliaklqana.
Found a sparkling altar of Nemelex Xobeh.
Found a basalt altar of Yredelemnul.
Done exploring.
Are you sure you want to abandon this character and quit the game? (Confirm with "yes".)
Okay, then.
Unknown command.
Are you sure you want to abandon this character and quit the game? (Confirm with "yes".)

###.........###
###..<..###
###.........###
###.............###
##....._..#.._.....###
..........#..........###
....._...###..._.......#
.........# #...........#
..._....## ##...@_.....#
........# #.........##
._.....## ##....._..#
.......# #.......##
#.....## ##.....##
###...# #...### #####
#####


There were no monsters in sight!

Vanquished Creatures
  A wyvern (D:7)
  A yak (D:7)
  2 water moccasins (D:7)
  4 sky beasts
  3 ice beasts (D:7)
  An ogre (D:4)
  A kobold brigand (D:7)
  2 bullfrogs (D:7)
  A scorpion (D:7)
  A wight (D:7)
  2 howler monkeys (D:7)
  3 hounds
  5 jellies
  An orc priest (D:4)
  Crazy Yiuf (D:4)
  2 iguanas
  Natasha (thrice) (D:2)
  3 orc wizards
  3 gnolls (D:4)
  6 adders
  A shadow imp (D:7)
  2 white imps (D:7)
  An ufetubus (D:7)
  2 worms
  3 dart slugs
  13 orcs
  3 bats
  8 endoplasms
  3 giant cockroaches
  9 goblins
  8 hobgoblins
  4 quokkas
  4 ball pythons
  4 frilled lizards
  7 kobolds
  3 rats
121 creatures vanquished.

Notes
Turn   | Place    | Note
-------+----------+-------------------------------------------
     0 | D:1      | Chiseanne the Demonspawn Wanderer began the quest for the
                  | Orb.
     0 | D:1      | Chiseanne set off with the following items: a +3 dagger, a
                  | scroll of fear, a +0 quarterstaff, a scroll of
                  | teleportation, a +0 leather armour.
     0 | D:1      | Reached XP level 1. HP: 19/19 MP: 1/1
   326 | D:1      | Gained mutation: You sometimes gain a little power by
                  | taking damage. [demonic ancestry]
   326 | D:1      | Reached XP level 2. HP: 25/25 MP: 2/2
   520 | D:1      | Reached skill level 1 in Dodging
   859 | D:2      | Found a faded altar of an unknown god.
   905 | D:2      | Reached XP level 3. HP: 8/31 MP: 3/3
  1082 | D:2      | Noticed Natasha
  1285 | D:3      | Found an opulent altar of Gozag.
  1288 | D:3      | Found a shadowy altar of Dithmenos.
  1362 | D:3      | Found a sacrificial altar of Ru.
  1881 | D:2      | Gained mutation: You sometimes gain power by taking damage.
                  | [demonic ancestry]
  1881 | D:2      | Reached XP level 4. HP: 24/38 MP: 4/4
  2212 | D:2      | Killed Natasha
  2214 | D:2      | Noticed Natasha
  2223 | D:2      | Killed Natasha
  2224 | D:2      | Reached XP level 5. HP: 26/43 MP: 5/5
  2427 | D:2      | Noticed Natasha
  2436 | D:2      | Killed Natasha
  2437 | D:2      | Reached skill level 5 in Fighting
  2666 | D:4      | Noticed an ogre
  2998 | D:4      | Found Tajouts's Assorted Antiques.
  2998 | D:4      | Noticed a sky beast
  3102 | D:4      | Reached XP level 6. HP: 37/51 MP: 6/6
  3627 | D:4      | Found a transporter.
  3634 | D:4      | Found a transporter.
  3646 | D:4      | Noticed kwasso's ghost (amateur DrAE)
  3660 | D:4      | Noticed a small abomination
  3702 | D:5      | Entered Level 5 of the Dungeon
  3951 | D:4      | Reached XP level 7. HP: 57/57 MP: 7/7
  4028 | D:4      | Found a runed translucent door.
  4029 | D:4      | Noticed Crazy Yiuf
  4041 | D:4      | Killed Crazy Yiuf
  4202 | D:4      | Reached skill level 6 in Fighting
  4559 | D:5      | You fall into a shaft and drop 3 floors!
  4559 | D:8      | Found Mapsuiz's Weapon Shoppe.
  4582 | D:7      | Found a stormy altar of Qazlal.
  4870 | D:7      | Gained mutation: You have large cloven feet. [demonic
                  | ancestry]
  4870 | D:7      | Reached XP level 8. HP: 51/65 MP: 8/8
  4872 | D:7      | Reached skill level 5 in Armour
  4971 | D:7      | Reached skill level 5 in Dodging
  4981 | D:7      | Reached skill level 7 in Fighting
  5319 | D:7      | Found a staircase to the Ecumenical Temple.
  5588 | D:7      | Gained mutation: You have a somewhat thin skeletal
                  | structure. (Dex +2, Stealth+) [demonic ancestry]
  5588 | D:7      | Reached XP level 9. HP: 53/74 MP: 9/9
  5700 | D:7      | Reached skill level 8 in Fighting
  5746 | D:7      | Noticed a gargoyle
  5777 | D:7      | Noticed a boulder beetle
  5998 | Temple   | Entered the Ecumenical Temple
  6154 | Temple   | Quit the game

Illustrated notes

Levels and vault maps discovered:
D:1:      erik_arrival_triangle_large, layout_basic
D:2:      layout_basic, dreamdust_ecumenical_altar_grove, minmay_pentomino_r4,
          uniq_natasha
D:3:      layout_loops_ring, nicolae_overflow_hidden_temple, serial_aquarium,
          aquarium_bridge_square [aquarium_subvault_balcony,
          aquarium_subvault_bridge, aquarium_subvault_bridge,
          aquarium_subvault_window], aquarium_window_fake, aquarium_window_1,
          aquarium_window_2, aquarium_view_2c, aquarium_balcony_1a
D:4:      layout_rooms, serial_shops, nicolae_inconvenience_store,
          gammafunk_ghost_abyssal_escape, chequers_serial_rivers_marsh,
          uniq_crazy_yiuf_cottage
D:5:      layout_loops_ring, uniq_edmund, uniq_blork_the_orc
D:7:      nzn_winding_woodlands_large [nzn_winding_woodlands_5x5_three,
          nzn_winding_woodlands_5x15_river_crossing,
          nzn_winding_woodlands_5x5_closed_star,
          nzn_winding_woodlands_center_garden,
          nzn_winding_woodlands_15x15_thick_spiral,
          nzn_winding_woodlands_center_triple_pond,
          nzn_winding_woodlands_5x5_default, nzn_winding_woodlands_5x15_pockets,
          nzn_winding_woodlands_5x5_open_star], layout_loops_corners,
          nicolae_qazlal_scattered_showers, lemuel_temple_firewalk_b
D:8:      layout_cave_pods, grunt_lair_entry_orc_guard_hut, serial_shops,
          nicolae_shop_tiny_waterfront, minmay_misc_feat_pillars
Temple:   nicolae_temple_x_marks_the_god

Skill      XL: |  1  2  3  4  5  6  7  8  9 |
---------------+----------------------------+-----
Dodging        | 1 2 3 4 6 |  6.3
Armour         | 2 3 4 6 |  6.4
Fighting       | 5 6 7 8 |  8.2
Staves         | |  1.0
Stealth        | |  3.6

Action                     |  1- 3 |  4- 6 |  7- 9 || total
---------------------------+-------+-------+-------++-------
  Melee: Dagger            |   114 |   155 |   123 ||   392
         Punch             |     1 |     1 |     1 ||     3
         Quarterstaff      |       |    11 |       ||    11
         War axe           |       |       |    57 ||    57
         Kick              |       |       |    35 ||    35
  Throw: Javelin           |       |     5 |     6 ||    11
         Dart              |       |     2 |       ||     2
         Stone             |       |     1 |       ||     1
    Use: Scroll            |     8 |     3 |     4 ||    15
         Potion            |       |     1 |     1 ||     2
   Stab: Sleeping          |    10 |     1 |       ||    11
 Armour: Leather armour    |    19 |       |       ||    19
         Scale mail        |    11 |    64 |    71 ||   146
         Ring mail         |     4 |       |       ||     4
  Dodge: Dodged            |    49 |    91 |    92 ||   232
